 Dungeon Crawl Stone Soup version 0.29.1-1-gd02db6906a (webtiles) character file.

Game seed: 7527731816532884002

13584 LustLizard the Grappler (level 11, -2/111 HPs)
             Began as a Troll Fighter on Sept 22, 2022.
             Was an Elder of Wu Jian.
             Slain by an ice dragon (13 damage)
             ... in an ice cave.
             The game lasted 00:19:53 (8882 turns).

LustLizard the Grappler (Troll Fighter)             Turns: 8882, Time: 00:19:53

Health: -2/111     AC:  6    Str: 26    XL:     11   Next: 77%
Magic:  10/10      EV: 14    Int: 14    God:    Wu Jian [****..]
Gold:   432        SH:  9    Dex:  9    Spells: 10/10 levels left

rFire   . . .      SeeInvis .     - Unarmed
rCold   . . .      Faith    .   b - +0 kite shield
rNeg    . . .      Spirit   .   O - +0 troll leather armour
rPois   .          Reflect  .   (helmet restricted)
rElec   .          Harm     .   (no cloak)
rCorr   .          Rampage  .   (gloves unavailable)
Will    .....                   (boots unavailable)
Stlth   +.........              (no amulet)
HPRegen 1.88/turn               h - +4 ring of evasion
MPRegen 0.12/turn               o - +6 ring of intelligence

@: invisible
A: large, unfitting armour, claws 3, regeneration 1, shaggy fur 1, tough skin 1
a: Renounce Religion, Wall Jump, Serpent's Lash


You were in an ice cave.
You worshipped Wu Jian.
Wu Jian was greatly pleased with you.
You visited 2 branches of the dungeon, and saw 12 of its levels.
You also visited: Ossuary and Ice Cave.

You collected 624 gold pieces.
You spent 192 gold pieces at shops.

Inventory:

Missiles
 m - 23 poisoned darts (quivered)
 M - a throwing net
Armour
 a - a +0 robe
 b - a +0 kite shield (worn)
 E - a +0 robe of willpower
 I - a +0 tower shield
 O - a +0 troll leather armour (worn)
Jewellery
 h - a +4 ring of evasion (left claw)
 k - a ring of magical power
 o - a +6 ring of intelligence (right claw)
 K - a ring of protection from fire
Wands
 z - a wand of acid (36)
 F - a wand of polymorph (14)
 J - a wand of roots (9)
Scrolls
 f - 9 scrolls of teleportation
 g - 2 scrolls of vulnerability
 i - 2 scrolls of fear
 n - 2 scrolls of brand weapon
 r - a scroll of immolation {unknown}
 t - 5 scrolls of magic mapping
 u - 2 scrolls of poison
 x - 2 scrolls of silence {unknown}
 y - 2 scrolls of blinking
 A - 2 scrolls of noise
 C - 3 scrolls of enchant weapon
 D - 2 scrolls of amnesia {unknown}
 N - a scroll of acquirement {unknown}
 P - 2 scrolls of enchant armour {unknown}
Potions
 c - 4 potions of might
 d - 5 potions of curing
 e - 2 potions of brilliance
 j - 2 potions of berserk rage
 l - 4 potions of attraction
 p - 3 potions of lignification
 q - 5 potions of heal wounds
 s - a potion of haste
 v - 2 potions of invisibility
 w - 2 potions of cancellation
 B - a potion of mutation {unknown}
 G - a potion of flight {unknown}
 H - a potion of magic {unknown}
 L - 2 potions of degeneration {unknown}
 Q - a potion of resistance {unknown}


   Skills:
 + Level 8.0 Fighting
 + Level 6.2 Dodging
 + Level 8.7 Shields
 * Level 12.9 Unarmed Combat


You had 10 spell levels left.
You didn't know any spells.
Your spell library contained the following spells:

 Spells                   Type           Power      Damage    Failure   Level
 Freeze                   Ice            0%         1d3       54%         1
 Ensorcelled Hibernation  Hex/Ice        0%         N/A       67%         2
 Passwall                 Tmut/Erth      0%         N/A       67%         2
 Poisonous Vapours        Pois/Air       0%         N/A       67%         2
 Sublimation of Blood     Necr           0%         N/A       67%         2
 Wereblood                Tmut           0%         N/A       67%         2
 Frozen Ramparts          Ice            0%         1d1       88%         3
 Portal Projectile        Hex/Tloc       0%         N/A       88%         3
 Swiftness                Air            0%         N/A       88%         3
 Tukima's Dance           Hex            0%         N/A       88%         3
 Corpse Rot               Necr/Pois/Air  0%         N/A       99%         4
 Hailstorm                Conj/Ice       0%         3d3       99%         4
 Blade Hands              Tmut           0%         N/A       100%        5
 Summon Hydra             Summ           0%         N/A       100%        7


Dungeon Overview and Level Annotations

Branches:
Dungeon (11/15)            Temple (1/1) D:4            Lair (0/5) D:9
Ossuary (visited)           IceCv (1/1)
    Orc: D:9-12

Altars:
Dithmenos
Elyvilon
Fedhas
Gozag
Hepliaklqana
Nemelex Xobeh
Okawaru
Qazlal
Sif Muna
Trog
Uskayaw
Vehumet
Wu Jian
Xom
Yredelemnul
Zin
The Shining One

Shops:
D:2 [   D:3 !   D:10 ?

Annotations:
D:8 Amaemon


Innate Abilities, Weirdness & Mutations

You are too large for most types of armour.
You have claws for hands.
Your natural rate of healing is unusually fast.
You are covered in fur. (AC +1)
You have tough skin. (AC +1)


Message History

The ice dragon breathes frost at you. The blast of cold misses you.
You hear an angry hiss.
You spin and attack the ice dragon.
You scratch the ice dragon but do no damage.
The ice dragon is severely wounded.
The ice dragon is no longer encased in ice.
The ice dragon bites you! The ice dragon misses you.
You block the ice dragon's attack.
The acid dragon simulacrum barely misses you.
You block the acid dragon simulacrum's attack.
The rime drake breathes ice at the ice dragon.
The flash freeze hits the ice dragon!!
The ice dragon partially resists.
The ice dragon is flash-frozen.
You spin and attack the ice dragon.
The ice dragon roars deafeningly!
You scratch the ice dragon but do no damage.
The ice dragon is almost dead.
You spin and attack the acid dragon simulacrum.
You scratch the acid dragon simulacrum.
The acid dragon simulacrum is moderately damaged.
The ice dragon breathes frost at you. The blast of cold misses you.
You scratch the ice dragon.
The ice dragon is almost dead.
The ice dragon bites you! The ice dragon claws you!
You block the ice dragon's attack.
You scratch the ice dragon but do no damage.
The ice dragon is almost dead.
The ice dragon is no longer encased in ice.
The rime drake bites you. The ice dragon breathes frost at you.
The blast of cold hits you!!!
* * * LOW HITPOINT WARNING * * *
You scratch the ice dragon.
The ice dragon is almost dead.
You block the ice dragon's attack. The ice dragon claws you!
* * * LOW HITPOINT WARNING * * *
The ice dragon tramples you!
You die...

####....##
##≈≈≈≈≈#
####..## ###
###≈#.#
##..###.##
#..# ##.#....#
$ # #...##.#
=" #####..###
. #...##.##
...
##....kD#Z....
####.@Z...#
########


You could see an ice dragon (unable to see you, catching breath), a rime drake
(unable to see you, catching breath), a steam dragon simulacrum (wandering,
unable to see you) and an acid dragon simulacrum (unable to see you).

Vanquished Creatures
  A catoblepas (D:8)
  A centaur warrior (D:8)
  A two-headed ogre (D:10)
  A two-headed ogre (shapeshifter) (D:8)
  Pikel (D:4)
  2 ice statues (IceCv)
  Maggie (D:8)
  2 rime drakes (IceCv)
  2 ice devils (D:11)
  3 trolls
  A hornet (D:7)
  A slime creature (D:8)
  3 wraiths
  18 yaks
  Grum (D:8)
  4 steam dragons
  A water moccasin (D:9)
  An acid dragon (D:9)
  2 orc warriors
  5 sky beasts
  An ice beast (D:7)
  2 black bears
  An ogre (D:5)
  2 wolves (D:8)
  3 centaurs
  A phantom (D:4)
  A kobold brigand (D:9)
  Blork the orc (D:4)
  4 bullfrogs
  A necrophage (D:4)
  3 scorpions
  18 wights
  3 killer bees (D:10)
  A lindwurm simulacrum (IceCv)
  2 howler monkeys (D:8)
  An electric eel (D:8)
  3 komodo dragon simulacra (IceCv)
  2 hounds
  2 jellies
  An orc priest (D:5)
  An iguana (D:6)
  4 orc wizards
  7 acid dragon simulacra (IceCv)
  8 adders
  2 shadow imps
  A white imp (D:7)
  7 steam dragon simulacra (IceCv)
  2 adder zombies (Ossuary)
  A dart slug (D:4)
  23 orcs
  6 bats
  6 endoplasms (D:1)
  5 giant cockroaches
  10 goblins
  10 hobgoblins
  4 jackals (D:1)
  3 quokkas
  4 ball pythons
  3 ball python skeletons (Ossuary)
  4 frilled lizards
  3 hobgoblin skeletons (Ossuary)
  A hobgoblin zombie (Ossuary)
  10 kobolds
  2 rats
232 creatures vanquished.

Notes
Turn   | Place    | Note
-------+----------+-------------------------------------------
     0 | D:1      | LustLizard the Troll Fighter began the quest for the Orb.
     0 | D:1      | Reached XP level 1. HP: 22/22 MP: 0/0
   122 | D:1      | Reached XP level 2. HP: 26/29 MP: 1/1
   322 | D:1      | Reached XP level 3. HP: 35/36 MP: 2/2
   537 | D:2      | Reached skill level 3 in Unarmed Combat
   808 | D:2      | Found Wuosu's Antique Armour Shoppe.
  1515 | D:3      | Reached XP level 4. HP: 37/44 MP: 3/3
  1606 | D:3      | Found a shadowy altar of Dithmenos.
  1710 | D:3      | Found Raiwkin's Distillery.
  1885 | D:4      | Noticed Blork the orc
  1896 | D:4      | Killed Blork the orc
  1897 | D:4      | Reached skill level 4 in Unarmed Combat
  1897 | D:4      | Reached XP level 5. HP: 32/53 MP: 4/4
  1957 | D:4      | Found a staircase to the Ecumenical Temple.
  1974 | Temple   | Entered the Ecumenical Temple
  1985 | Temple   | Became a worshipper of the Wu Jian Council
  2001 | D:4      | Noticed a black bear
  2010 | D:4      | Killed a black bear
  2018 | D:4      | Noticed a phantom
  2033 | D:4      | Killed a phantom
  2034 | D:4      | Reached XP level 6. HP: 56/61 MP: 5/5
  2115 | D:4      | Found a sand-covered staircase.
  2126 | Ossuary  | Entered an ossuary
  2189 | Ossuary  | Reached skill level 5 in Unarmed Combat
  2225 | Ossuary  | Noticed a wraith
  2225 | Ossuary  | Noticed a flying skull
  2232 | Ossuary  | Noticed a flying skull
  2243 | Ossuary  | Noticed a flying skull
  2259 | Ossuary  | Noticed a flying skull
  2315 | Ossuary  | Noticed a wraith
  2322 | Ossuary  | Killed a wraith
  2323 | Ossuary  | Reached XP level 7. HP: 68/70 MP: 6/6
  2336 | Ossuary  | Noticed a wraith
  2344 | Ossuary  | Killed a wraith
  2345 | Ossuary  | Reached skill level 6 in Unarmed Combat
  2534 | D:4      | Reached * piety under Wu Jian
  2620 | D:4      | Noticed Pikel
  2634 | D:4      | Killed Pikel
  2635 | D:4      | Reached skill level 5 in Shields
  2635 | D:4      | Reached skill level 7 in Unarmed Combat
  2635 | D:4      | Reached XP level 8. HP: 76/79 MP: 7/7
  2900 | D:4      | Found a glowing golden altar of the Shining One.
  3056 | D:5      | Entered Level 5 of the Dungeon
  3243 | D:5      | Reached skill level 5 in Fighting
  3373 | D:5      | Reached skill level 8 in Unarmed Combat
  3858 | D:6      | Reached XP level 9. HP: 71/88 MP: 8/8
  3962 | D:6      | Reached ** piety under Wu Jian
  4234 | D:6      | Reached skill level 9 in Unarmed Combat
  4353 | D:6      | Found a sparkling altar of Nemelex Xobeh.
  5044 | D:7      | Found a shimmering blue altar of Sif Muna.
  5166 | D:8      | Noticed a centaur warrior
  5179 | D:8      | Noticed Amaemon
  5179 | D:8      | Noticed an orange demon
  5232 | D:8      | Found a hide-covered altar of Uskayaw.
  5317 | D:8      | Reached skill level 10 in Unarmed Combat
  5342 | D:8      | Reached XP level 10. HP: 35/98 MP: 9/9
  5426 | D:8      | Noticed a catoblepas
  5448 | D:8      | Killed a catoblepas
  5544 | D:8      | Killed a centaur warrior
  5584 | D:8      | Noticed Grum
  5599 | D:8      | Killed Grum
  5600 | D:8      | Reached skill level 11 in Unarmed Combat
  5678 | D:8      | Noticed a two-headed ogre
  5686 | D:8      | Killed a two-headed ogre
  5710 | D:8      | Found a basalt altar of Yredelemnul.
  5741 | D:8      | Noticed Maggie
  5759 | D:8      | Killed Maggie
  5760 | D:8      | Reached skill level 5 in Dodging
  6169 | D:9      | Reached *** piety under Wu Jian
  6282 | D:9      | Found a staircase to the Lair.
  6497 | D:9      | Identified the +0 ring mail of Eply {rN+}
  6515 | D:9      | Reached XP level 11. HP: 107/109 MP: 10/10
  7088 | D:10     | Entered Level 10 of the Dungeon
  7088 | D:10     | Noticed a two-headed ogre
  7098 | D:10     | Killed a two-headed ogre
  7099 | D:10     | Reached skill level 12 in Unarmed Combat
  7221 | D:10     | Found Pohaoty's Magic Scroll Shop.
  7226 | D:10     | Bought 3 scrolls of identify for 96 gold pieces
  7226 | D:10     | Bought a scroll of identify for 32 gold pieces
  7226 | D:10     | Bought a scroll of fear for 64 gold pieces
  8121 | D:11     | Found a frozen archway.
  8168 | IceCv    | Entered an ice cave
  8173 | IceCv    | Reached **** piety under Wu Jian
  8868 | IceCv    | Noticed an ice dragon
  8882 | IceCv    | Slain by an ice dragon

Illustrated notes

Levels and vault maps discovered:
D:1:      psy_arrival_whirlpool, layout_rooms
D:2:      cheibrodos_greedy_goblins, layout_loops_ring, serial_shops,
          nicolae_shop_behind_doors
D:3:      layout_basic, mainiacjoe_overflow_tiny_flanked, serial_shops, shop
D:4:      layout_loops_corners, tso_oasis_becter, minmay_temple_entry_offerings,
          chequers_ossuary_entry_cave, uniq_blork_the_orc, uniq_pikel
D:5:      layout_basic
D:6:      layout_loops_ring, mainiacjoe_overflow_alcove_4,
          minmay_misc_feat_more_columns
D:7:      layout_cave_pools, lemuel_blue_sif_altar
D:8:      minmay_blocky_corners, layout_basic,
          mainiacjoe_overflow_large_starburst, uniq_grum, uniq_maggie,
          uniq_amaemon
D:9:      layout_irregular_city, lair_entry_dummy
D:10:     layout_roguey, serial_shops, shop_fountains
D:11:     layout_roguey, portal_ice_cave_demonic_guard,
          gammafunk_ghost_cemetery, minmay_fractal_squares_gapless_5,
          uniq_harold
Temple:   compressed_dpeg_triangle_lava_temple
IceCv:    ice_cave_small_dragons

Skill      XL: |  1  2  3  4  5  6  7  8  9 10 11 |
---------------+----------------------------------+-----
Shields        | 3 4 5 6 7 8 |  8.7
Unarmed Combat | 3 4 5 7 8 10 11 12 | 12.9
Fighting       | 3 4 5 6 7 8 |  8.0
Dodging        | 3 5 6 |  6.2

Action                   |  1- 3 |  4- 6 |  7- 9 | 10-12 || total
-------------------------+-------+-------+-------+-------++-------
Melee: Unarmed           |   153 |    92 |   240 |   376 ||   861
Throw: Dart              |       |       |       |     6 ||     6
       Throwing net      |       |       |       |     1 ||     1
Invok: Lunge             |       |     1 |    17 |    37 ||    55
       Whirlwind         |       |       |     4 |    18 ||    22
  Use: Scroll            |     1 |       |    10 |     7 ||    18
       Potion            |       |       |       |     1 ||     1
 Stab: Distracted        |       |       |       |     1 ||     1
Armor: Robe              |    43 |    13 |    37 |    30 ||   123
       Troll leather arm |       |       |       |    14 ||    14
Dodge: Dodged            |    85 |    32 |    80 |   133 ||   330
Block: Kite shield       |    75 |    27 |    54 |   112 ||   268
